 Dungeon Crawl Stone Soup version 0.30-a0-165-g1891117ce2 (webtiles) character file.

Game seed: 5550016674032104590

49 qw the Chopper (level 3, -7/23 HPs)
             Began as a Gargoyle Fighter on Sept 28, 2022.
             Mangled by Terence
             ... wielding a +0 flail
              (9 damage)
             ... on level 2 of the Dungeon.
             The game lasted 00:00:28 (1152 turns).

qw the Chopper (Gargoyle Fighter)                   Turns: 1152, Time: 00:00:28

Health: -7/23      AC: 11    Str: 21    XL:     3   Next: 75%
Magic:  3/3        EV: 13    Int:  8    God:
Gold:   57         SH:  4    Dex:  9    Spells: 2/2 levels left

rFire   . . .      SeeInvis .    Y - +0 war axe
rCold   . . .      Faith    .    c - +0 buckler
rNeg    + . .      Spirit   .    b - +0 scale mail
rPois   inf        Reflect  .    f - +0 helmet
rElec   +          Harm     .    (no cloak)
rCorr   .          Rampage  .    (no gloves)
Will    .....                    (no boots)
Stlth   ..........               (no amulet)
HPRegen 0.07/turn                e - +4 ring of evasion
MPRegen 0.08/turn                (no ring)

@: no status effects
A: sickness immunity, AC +3, negative energy resistance 1, electricity
resistance, torment resistance 1, petrification resistance
a: no special abilities


You were on level 2 of the Dungeon.
You visited 1 branch of the dungeon, and saw 2 of its levels.

You collected 57 gold pieces.


Innate Abilities, Weirdness & Mutations

You are immune to sickness and miasma.
Your stone body is resilient. (AC +3)
You are immune to poison.
You resist negative energy. (rN+)
You are resistant to electric shocks. (rElec)
You are resistant to unholy torment.
You are immune to petrification.


   Skills:
 - Level 3.2 Fighting
 + Level 3.6 Axes
 - Level 3.2 Armour
 - Level 3.2 Shields


You had 2 spell levels left.
You didn't know any spells.
Your spell library was empty.

Inventory:

Hand Weapons
 i - a +0 whip
 Y - a +0 war axe (weapon)
Missiles
 j - 3 boomerangs (quivered)
Armour
 b - a +0 scale mail (worn)
 c - a +0 buckler (worn)
 f - a +0 helmet (worn)
Jewellery
 e - a +4 ring of evasion (left hand)
Scrolls
 l - a scroll of magic mapping {unknown}
 m - a scroll of identify
Potions
 a - 3 potions of invisibility {unknown}
 d - a potion of might
 g - a potion of lignification {unknown}
 h - a potion of curing {unknown}
 k - 2 potions of heal wounds {unknown}

Dungeon Overview and Level Annotations

Branches:
Dungeon (2/15)

Altars:

Annotations:
D:2 Terence


Message History

l - a scroll labelled CUYXTO JOSAOMOCKI Terence the Incautious comes into view.
He is wielding a +0 flail.
Found a stone staircase leading down.
Terence shouts!
Throw: 3 boomerangs
Press: ? - help, Q - select action Shift-Dir - straight line, f - Terence You throw a boomerang.
The boomerang hits Terence.
Terence is lightly wounded.
You hit Terence.
Terence is heavily wounded.
Terence hits you with a +0 flail.
You hit Terence but do no damage.
Terence is heavily wounded.
Terence barely misses you.
Terence drinks a potion.
Terence seems to grow stronger.
You hit Terence but do no damage.
Terence is heavily wounded.
Terence hits you with a +0 flail!
You hit Terence.
Terence is severely wounded.
Terence hits you but does no damage.
You hit Terence.
Terence is almost dead.
Terence misses you. x2
You barely miss Terence.
Terence is almost dead.
Terence barely misses you.
You closely miss Terence.
Terence is almost dead.
Terence barely misses you. Terence hits you with a +0 flail!
You closely miss Terence.
Terence is almost dead.
Terence closely misses you.
You barely miss Terence.
Terence is almost dead.
You block Terence's attack.
You barely miss Terence.
Terence is almost dead.
You block Terence's attack. Terence hits you with a +0 flail!
You die...

.. .. .# .# .# #
.######.# #####.#
........##.#####.....###
..########.......@..>...
.## #@# .######## #.#
........# #.#
.######.########.# .#
#..........# .#
############ .# .# ##


You could see Terence (strong).

Vanquished Creatures
  An adder (D:2)
  A worm (D:2)
  3 dart slugs (D:1)
  3 bats (D:1)
  3 endoplasms (D:1)
  3 giant cockroaches
  3 goblins
  2 hobgoblins (D:1)
  3 ball pythons (D:1)
  2 frilled lizards
  A kobold (D:1)
  7 rats
32 creatures vanquished.

Notes
Turn   | Place    | Note
-------+----------+-------------------------------------------
     0 | D:1      | qw the Gargoyle Fighter began the quest for the Orb.
     0 | D:1      | Reached XP level 1. HP: 14/14 MP: 1/1
     0 | D:1      | 0 ||| qw: Version: 0.2-a-12-gaebbb33
     0 | D:1      | 0 ||| qw: Game counter: 912
     0 | D:1      | 0 ||| qw: Always use a shield: true
     0 | D:1      | 0 ||| qw: God list: Okawaru
     0 | D:1      | 0 ||| qw: Allow faded altars: false
     0 | D:1      | 0 ||| qw: Do Orc after D:15 true
     0 | D:1      | 0 ||| qw: Do second Lair branch before Depths: true
     0 | D:1      | 0 ||| qw: Lair rune preference: random
     0 | D:1      | 0 ||| qw: Plans: Normal, Zot:1-4, God:TSO, Crypt, Tomb,
                  | Pan, Slime:5, Hells, Abyss, Orb
     0 | D:1      | 0 ||| PLANNING D:1-11
    91 | D:1      | 91 ||| UPGRADING to +4 ring of evasion.
   171 | D:1      | 171 ||| UPGRADING to +0 helmet.
   319 | D:1      | 319 ||| Stepping ~*~*~tactically~*~*~ (hiding).
   321 | D:1      | 321 ||| Stepping ~*~*~tactically~*~*~ (hiding).
   331 | D:1      | Reached XP level 2. HP: 18/19 MP: 2/2
   342 | D:1      | Found a faded altar of an unknown god.
   482 | D:1      | Reached skill level 3 in Axes
   533 | D:1      | 533 ||| Stepping ~*~*~tactically~*~*~ (hiding).
   545 | D:1      | Reached XP level 3. HP: 15/23 MP: 3/3
   842 | D:1      | 842 ||| READING scroll labelled EMUGASH JAPH.
   843 | D:1      | 843 ||| READING scroll labelled SYQEPSANNI.
   844 | D:1      | 844 ||| READING scroll labelled ANI POTUIPP.
   845 | D:1      | 845 ||| READING 2 scrolls labelled SED MA PUZAO.
  1141 | D:2      | Noticed Terence
  1149 | D:2      | HP: 2/23 [Terence/+0 flail (8)]
  1152 | D:2      | Mangled by Terence

Levels and vault maps discovered:
D:1:      giann_wishing_wells, layout_loops_ring,
          shapermc_ecumenical_altar_pompeii, minmay_misc_feat_diagonals
D:2:      layout_loops_ring, serial_glass, glass_columns_b, glass_columns_a,
          uniq_terence

Skill      XL: |  1  2 |
---------------+-------+-----
Axes           | 2 3 |  3.6
Fighting       | |  3.2
Armour         | |  3.2
Shields        | |  3.2

Action                   || total
-------------------------++-------
Melee: War axe           ||    90
Throw: Boomerang         ||     7
  Use: Scroll            ||     4
Armor: Scale mail        ||    28
Dodge: Dodged            ||    56
Block: Buckler           ||    18

Table legend:
 A = Non-vault XP
 B = Vault XP
 C = Vault XP percentage of total XP
 D = Non-vault monster count
 E = Vault monster count
 F = Vault count percentage of total count
                 A         B        C        D         E       F
            +---------+---------+-------+---------+---------+-------
      Total |      70 |       0 |   0.0 |      32 |       0 |   0.0
            +---------+---------+-------+---------+---------+-------
        D:1 |      43 |       0 |   0.0 |      25 |       0 |   0.0
        D:2 |      27 |       0 |   0.0 |       7 |       0 |   0.0
            +---------+---------+-------+---------+---------+-------
